 Dungeon Crawl Stone Soup version 0.19.3-1-g3169bf9 (webtiles) character file.

4708 Gargoyl the Cleaver (level 10, -37/83 HPs)
             Began as a Ghoul Abyssal Knight on Jan 25, 2017.
             Was a High Priest of Lugonu.
             Annihilated by an orc warlord
             ... wielding a +2 long sword
              (43 damage)
             ... in a bailey.
             The game lasted 00:20:14 (8886 turns).

Gargoyl the Cleaver (Ghoul Abyssal Knight)          Turns: 8886, Time: 00:20:14

Health: -37/83     AC: 17    Str: 22    XL:     10   Next: 45%
Magic:  14/14      EV:  9    Int: 10    God:    Lugonu [*****.]
Gold:   524        SH:  0    Dex: 13    Spells: 0 memorised, 9 levels left

rFire  . . .     SeeInvis .     D - +4 hand axe (freeze)
rCold  + . .     Gourm    .     g - +0 chain mail
rNeg   + + +     Faith    .     (no shield)
rPois  ∞         Spirit   .     z - +1 helmet {Int+3}
rElec  .         Reflect  .     e - +2 cloak
rCorr  .         Harm     .     m - +0 pair of gloves
MR     .....                    (no boots)
Stlth  ..........               (no amulet)
                                t - +4 ring of strength
                                o - +3 ring of dexterity

@: very slightly contaminated, rotting
A: rotting body, claws 1, carnivore 3, cold resistance 1, negative energy
resistance 3, slow regeneration 1, torment resistance, unbreathing
a: Depart the Abyss, Bend Space, Banish, Corrupt, Enter the Abyss, Renounce
Religion


You were in a bailey.
You worshipped Lugonu.
Lugonu was extremely pleased with you.
You were not hungry.

You visited 1 branch of the dungeon, and saw 9 of its levels.
You visited the Abyss 1 time.
You also visited: Sewer and Bailey.

You collected 524 gold pieces.

Inventory:

Hand Weapons
 a - a +0 war axe
 i - a +0 broad axe
 D - a +4 hand axe of freezing (weapon)
 E - a cursed +1 spear of freezing
Missiles
 s - 11 tomahawks of returning (quivered)
Armour
 e - a +2 cloak (worn)
 g - a +0 chain mail (worn)
 m - a +0 pair of gloves (worn)
 z - a +1 helmet of intelligence (worn)
Jewellery
 o - a +3 ring of dexterity (left hand)
 t - a +4 ring of strength (right hand)
 B - an uncursed ring of positive energy
 F - an uncursed ring of ice
Wands
 n - a wand of paralysis (13/24)
 x - a wand of flame (23/48)
 G - a wand of slowing (22/48)
Scrolls
 d - a scroll of magic mapping
 j - 2 scrolls of fear
 k - 6 scrolls of teleportation
 p - 5 scrolls of remove curse
 w - 2 scrolls of amnesia
 y - a scroll of recharging
 K - a scroll of identify
Potions
 b - a potion of degeneration
 q - a potion of beneficial mutation
 u - 5 potions of curing
 v - a potion of invisibility
 I - 2 potions of agility
 J - 2 potions of haste
Books
 r - a book of Maledictions

   Spells                             Type                      Level
   a - Corona                         Hexes                        1
   b - Ensorcelled Hibernation        Hexes/Ice                    2
   c - Confuse                        Hexes                        3
   d - Tukima's Dance                 Hexes                        3
   e - Dazzling Spray                 Conjuration/Hexes            3
 H - a book of Party Tricks

   Spells                             Type                      Level
   a - Summon Butterflies             Summoning                    1
   b - Apportation                    Translocation                1
   c - Lesser Beckoning               Translocation                3
   d - Tukima's Dance                 Hexes                        3
   e - Alistair's Intoxication        Transmutation/Poison         5
   f - Invisibility                   Hexes                        6
Comestibles
 c - a beef jerky
 h - 2 slices of pizza
 l - a meat ration
 A - 16 chunks of flesh
 C - 2 royal jellies


   Skills:
 + Level 6.2 Fighting
 + Level 8.6 Axes
 + Level 1.4 Throwing
 * Level 8.0 Armour
 + Level 2.4 Dodging
 * Level 6.8 Invocations


You had 9 spell levels left.
You didn't know any spells.

Dungeon Overview and Level Annotations

Branches:
Dungeon (9/15)             Temple (0/1) D:7             Orc (0/2) D:9
   Lair: D:8-11

Altars:
Dithmenos
Sif Muna

Shops:
D:5 %


Innate Abilities, Weirdness & Mutations

Your body is rotting away.
You thrive on raw meat.
You are immune to poison.
You have sharp fingernails.
You are carnivorous and can eat meat at any time.
Your flesh is cold resistant. (rC+)
You are immune to negative energy. (rN+++)
You regenerate slowly when monsters are visible.
You are immune to unholy pain and torment.
You can survive without breathing.


Message History

The orc warlord is severely wounded.
The orc no longer looks unusually strong.
The orc warlord roars a battlecry!
The orcs go into a battle-frenzy!
You completely miss the orc warlord.
The orc warlord is severely wounded.
The orc warlord hits you with an enchanted long sword.
You hit the orc warlord. You freeze the orc warlord.
The orc warlord is severely wounded.
You hit the orc warlord but do no damage.
The orc warlord is severely wounded.
The orc knight no longer looks unusually strong.
The orc warlord hits you with an enchanted long sword!!
* * * LOW HITPOINT WARNING * * *
You closely miss the orc warlord.
The orc warlord is severely wounded.
The orc seems to regain its courage.
The orc warlord hits you with an enchanted long sword!!!
Ouch! That really hurt!
You die...

##.....##.........##.....##
##)####...........####'##
##))[..##.........##...).##
#.......#.........#....)..#
##.......##..ogoo.##...))).##
#.........#.oogoo.#.........#
##.........###ooo###.........##
#.....⌠.....###o###.....⌠.....#
##.........##88@88##.........##
#.........#.......#.........#
##......)##.......##.......##
#.......))........'.......#
##.....##)........##.....##
#######.....⌠.....#######
##.........## #.........#
##.......##


You could see an orc warlord, an orc knight, 7 orc warriors, a gnoll, 2 orcs and
a hobgoblin.

Vanquished Creatures
  A troll (D:9)
  A hippogriff (D:7)
  6 orc warriors (Bailey)
  Purgy (Sewer)
  A black bear (D:7)
  4 ogres
  4 sky beasts
  A phantom (D:8)
  4 centaurs
  2 big kobolds
  2 bullfrogs
  2 scorpions
  A water moccasin skeleton (D:7)
  5 wights (D:7)
  2 howler monkeys
  A crimson imp (D:5)
  A centaur skeleton (D:5)
  A bullfrog zombie (D:8)
  3 jellies
  A quasit (D:7)
  4 orc priests
  2 iguanas
  Jessica (D:3)
  7 orc wizards
  5 worker ants
  9 adders
  9 gnolls
  A river rat (D:5)
  2 shadow imps
  3 oozes
  An adder skeleton (D:4)
  A worm (D:4)
  2 dart slugs (D:2)
  6 leopard geckos
  47 orcs
  19 bats
  9 giant cockroaches
  21 hobgoblins
  13 jackals
  3 quokkas
  3 ball pythons
  5 frilled lizards
  25 goblins
  22 kobolds
  A leopard gecko skeleton (D:7)
  A quokka skeleton (D:8)
  8 rats
274 creatures vanquished.

Vanquished Creatures (others)
  The ghost of Lahna the Basher, a novice MiBe of Trog (Bailey)
  2 orc warriors
  A crimson imp (D:5)
4 creatures vanquished.

Grand Total: 278 creatures vanquished

Notes
Turn   | Place    | Note
-------+----------+-------------------------------------------
     0 | Abyss:1  | Gargoyl the Ghoul Abyssal Knight began the quest for the Orb.
     0 | Abyss:1  | Reached XP level 1. HP: 19/19 MP: 1/1
    68 | Abyss:1  | Noticed a wraith
    72 | Abyss:1  | Noticed a large abomination
    72 | Abyss:1  | Noticed a yak
    83 | D:1      | Escaped the Abyss
   395 | D:1      | Reached XP level 2. HP: 20/26 MP: 2/2
   398 | D:1      | Reached * piety under Lugonu
   784 | D:1      | Reached XP level 3. HP: 30/33 MP: 3/3
  1200 | D:2      | Reached ** piety under Lugonu
  1452 | D:2      | Reached XP level 4. HP: 36/40 MP: 4/4
  1917 | D:3      | Reached XP level 5. HP: 39/46 MP: 4/6
  2097 | D:3      | Found a faded altar of an unknown god.
  2161 | D:3      | Noticed Jessica
  2172 | D:3      | Killed Jessica
  2172 | D:3      | Reached skill level 1 in Dodging
  2460 | D:4      | Reached XP level 6. HP: 41/52 MP: 7/7
  2478 | D:4      | Reached *** piety under Lugonu
  2737 | D:4      | Found a shadowy altar of Dithmenos.
  2915 | D:4      | Reached XP level 7. HP: 17/60 MP: 8/8
  3650 | D:5      | Entered Level 5 of the Dungeon
  3884 | D:5      | Found a glowing drain.
  3888 | Sewer    | Entered a sewer
  3891 | Sewer    | Noticed Purgy
  3917 | Sewer    | Killed Purgy
  4390 | D:5      | Reached skill level 5 in Axes
  4516 | D:5      | Reached XP level 8. HP: 67/67 MP: 9/9
  4611 | D:5      | Found Jilang's Food Shoppe.
  4895 | D:5      | Reached skill level 5 in Armour
  5180 | D:6      | Reached skill level 5 in Fighting
  6312 | D:7      | Found a staircase to the Ecumenical Temple.
  6671 | D:7      | Reached XP level 9. HP: 22/74 MP: 11/11
  6691 | D:7      | Reached skill level 5 in Invocations
  6869 | D:7      | Reached **** piety under Lugonu
  7149 | D:7      | Found a deep blue altar of Sif Muna.
  7422 | D:8      | Reached skill level 1 in Throwing
  7821 | D:8      | Found Vuuduh's Jewellery Shop.
  7904 | D:8      | Got a smoking tin ring
  7915 | D:8      | Identified the ring of Fytosout {+Fly Int+4 Stlth+} (You found it on level 8 of the Dungeon)
  7918 | D:8      | Identified a scroll of acquirement
  8241 | D:9      | Noticed a troll
  8252 | D:9      | Killed a troll
  8252 | D:9      | Reached XP level 10. HP: 73/83 MP: 13/13
  8353 | D:9      | Found a flagged portal.
  8394 | Bailey   | Entered a bailey
  8424 | Bailey   | Reached ***** piety under Lugonu
  8601 | Bailey   | Noticed Lahna's ghost (novice MiBe)
  8643 | Bailey   | Banished Lahna's ghost
  8824 | Bailey   | Noticed an orc warlord
  8825 | Bailey   | Noticed an orc knight
  8886 | Bailey   | Annihilated by an orc warlord

Skill      XL: |  1  2  3  4  5  6  7  8  9 10 |
---------------+-------------------------------+-----
Armour         | 2 3 4 6 7 8 |  8.0
Axes           | 2 3 4 5 6 8 |  8.6
Fighting       | 4 5 6 |  6.2
Dodging        | 1 2 |  2.4
Invocations    | 3 4 6 |  6.8
Throwing       | 1 |  1.4

Action                   |  1- 3 |  4- 6 |  7- 9 | 10-12 || total
-------------------------+-------+-------+-------+-------++-------
Melee: Hand axe          |   170 |   235 |   664 |   183 ||  1252
Throw: Tomahawk          |       |     4 |     8 |       ||    12
Invok: Depart the Abyss  |     1 |       |       |       ||     1
       Banish            |       |       |     4 |     1 ||     5
Evoke: Wand              |       |       |       |     1 ||     1
  Use: Scroll            |     5 |     2 |    17 |     3 ||    27
       Potion            |       |    10 |     3 |     6 ||    19
 Stab: Invisible         |       |       |     5 |     5 ||    10
  Eat: Chunk             |    12 |    13 |    53 |    47 ||   125
       Meat ration       |       |       |     1 |       ||     1
Armor: Chain mail        |   181 |   186 |   540 |    88 ||   995
       Leather armour    |     3 |       |       |       ||     3
Dodge: Dodged            |    72 |   102 |   323 |    79 ||   576
